 Dungeon Crawl Stone Soup version 0.31.0-7-gf635a9b802 (webtiles) character file.

Game seed: 11498437386067378433

166 Gobbopathe the Chopper (level 5, 0/47 HPs)
             Began as a Gnoll Cinder Acolyte on Jan 23, 2024.
             Was a High Priest of Ignis.
             Slain by an adder (2 damage)
             ... on level 4 of the Dungeon.
             The game lasted 00:03:32 (1093 turns).

Gobbopathe the Chopper (Gnoll Cinder Acolyte)       Turns: 1093, Time: 00:03:33

Health: 0/47       AC:  2    Str: 15    XL:     5   Next: 47%
Magic:  9/9        EV: 11    Int: 13    God:    Ignis [*****.]
Gold:   41         SH:  0    Dex:  8    Spells: 10/10 levels left

rFire   + . .        a - -1 hand axe (flame)
rCold   . . .        (no shield)
rNeg    . . .        b - +0 robe
rPois   .            (no helmet)
rElec   .            (no cloak)
rCorr   .            (no gloves)
SInv    .            (no boots)
Will    .....        (no amulet)
Stlth   +            (no ring)
HPRegen 0.27/turn    (no ring)
MPRegen 0.11/turn

%: no passive effects
@: no status effects
A: fangs 1, strong nose, distributed training
a: Renounce Religion, Fiery Armour, Foxfire Swarm, Rising Flame


You were on level 4 of the Dungeon.
You worshipped Ignis.
Ignis was extremely pleased with you.
You visited 1 branch of the dungeon, and saw 3 of its levels.

You collected 41 gold pieces.

Inventory:

Hand Weapons
 a - a -1 hand axe of flaming (weapon)
Missiles
 d - 35 stones
 f - 4 curare-tipped darts (quivered)
 g - 6 poisoned darts
Armour
 b - a +0 robe (worn)
Scrolls
 c - a scroll of enchant armour
 e - 2 scrolls of immolation
 h - a scroll of amnesia {unknown}
 r - a scroll of identify
 t - a scroll of teleportation


   Skills:
 + Level 6.7 Fighting
 + Level 1.6 Short Blades
 + Level 1.6 Long Blades
 + Level 6.7 Axes
 + Level 1.6 Maces & Flails
 + Level 1.6 Polearms
 + Level 1.6 Staves
 + Level 1.6 Ranged Weapons
 + Level 1.6 Throwing
 + Level 1.6 Armour
 + Level 1.6 Dodging
 + Level 1.6 Stealth
 + Level 1.6 Shields
 + Level 1.6 Unarmed Combat
 + Level 3.2 Spellcasting
 + Level 1.2 Conjurations
 + Level 1.2 Hexes
 + Level 1.2 Summonings
 + Level 1.2 Necromancy
 + Level 1.2 Translocations
 + Level 5.5 Fire Magic
 + Level 1.2 Ice Magic
 + Level 1.2 Air Magic
 + Level 1.2 Earth Magic
 + Level 1.2 Alchemy
 + Level 1.8 Invocations
 + Level 1.6 Evocations
 + Level 1.4 Shapeshifting


You had 10 spell levels left.
You didn't know any spells.
Your spell library contained the following spells:

 Spells                   Type           Power      Damage    Failure   Level
 Scorch                   Fire           32%        2d6       3%          2


Dungeon Overview and Level Annotations

Branches:
Dungeon (2/15) Zot: 16908

Altars:


Innate Abilities, Weirdness & Mutations

You have very sharp teeth.
Your uncanny sense of smell can sniff out nearby items.
Your experience applies equally to all skills.


Message History

Press: ? - help, Q - select action, (/) - cycle Shift-Dir - straight line, f - scorpion
Aim: a scorpion (lightly wounded, 54% to hit)
You throw a curare-tipped dart.
The curare-tipped dart hits the scorpion.
The scorpion is poisoned.
The scorpion struggles to breathe.
The scorpion seems to slow down.
The scorpion is moderately wounded.
You feel sick.
You hit the scorpion but do no damage.
The scorpion is heavily wounded.
You feel sick. The scorpion misses you.
You hit the scorpion. You burn the scorpion.
You bite the scorpion, but do no damage.
The scorpion is severely wounded.
You feel sick. The scorpion barely misses you.
You hit the scorpion but do no damage.
The scorpion is almost dead.
You feel sick. The scorpion stings you.
* * * LOW HITPOINT WARNING * * *
You aren't carrying any potions.
You hit the scorpion. You burn the scorpion.
You kill the scorpion!
* * * LOW HITPOINT WARNING * * *
You feel sick.
You have reached level 5!
You hit the adder. You burn the adder.
The adder is moderately wounded.
You feel sick. The adder barely misses you.
You closely miss the adder.
The adder is moderately wounded.
You feel sick. The adder closely misses you.
You hit the adder but do no damage.
The adder is moderately wounded.
You feel sick.
You are no longer poisoned.
The adder barely misses you.
You barely miss the adder. Your punch misses the adder.
The adder is moderately wounded.
The adder bites you.
You die...

.. .. . . #. ##. #.
.## S. #.. ..#.g ...
#..###g.#. #..#
#..S#..###..#
#..@#...#...# .. .#.
#...#...#...##.##..
#..###.###..# ..<#..#
#...........###...[##
#..#................
. # ##.####.##.#..#.#
..
................#...
######...............
#..........##...


You could see an adder and a hobgoblin.

Vanquished Creatures
  A kobold brigand (D:4)
  A scorpion (D:4)
  A bat (D:1)
  4 endoplasms
  3 goblins (D:1)
  5 hobgoblins
  3 jackals (D:1)
  6 kobolds
  3 ball pythons
  A frilled lizard (D:1)
  2 rats (D:1)
30 creatures vanquished.

Notes
Turn   | Place    | Note
-------+----------+-------------------------------------------
     0 | D:1      | Gobbopathe the Gnoll Cinder Acolyte began the quest for the
                  | Orb.
     0 | D:1      | Reached XP level 1. HP: 23/23 MP: 4/4
   178 | D:1      | Reached XP level 2. HP: 26/29 MP: 5/5
   722 | D:1      | Reached XP level 3. HP: 30/35 MP: 7/7
  1009 | D:2      | You fall into a shaft and drop 2 floors!
  1035 | D:4      | Noticed a kobold brigand
  1042 | D:4      | Killed a kobold brigand
  1043 | D:4      | Reached skill level 1 in Short Blades
  1043 | D:4      | Reached skill level 1 in Long Blades
  1043 | D:4      | Reached skill level 1 in Maces & Flails
  1043 | D:4      | Reached skill level 1 in Polearms
  1043 | D:4      | Reached skill level 1 in Staves
  1043 | D:4      | Reached skill level 1 in Ranged Weapons
  1043 | D:4      | Reached skill level 1 in Throwing
  1043 | D:4      | Reached skill level 1 in Armour
  1043 | D:4      | Reached skill level 1 in Dodging
  1043 | D:4      | Reached skill level 1 in Stealth
  1043 | D:4      | Reached skill level 1 in Shields
  1043 | D:4      | Reached skill level 1 in Unarmed Combat
  1043 | D:4      | Reached skill level 1 in Conjurations
  1043 | D:4      | Reached skill level 1 in Hexes
  1043 | D:4      | Reached skill level 1 in Summonings
  1043 | D:4      | Reached skill level 1 in Necromancy
  1043 | D:4      | Reached skill level 1 in Translocations
  1043 | D:4      | Reached skill level 1 in Ice Magic
  1043 | D:4      | Reached skill level 1 in Air Magic
  1043 | D:4      | Reached skill level 1 in Earth Magic
  1043 | D:4      | Reached skill level 1 in Alchemy
  1043 | D:4      | Reached skill level 1 in Invocations
  1043 | D:4      | Reached skill level 1 in Evocations
  1043 | D:4      | Reached skill level 1 in Shapeshifting
  1043 | D:4      | Reached XP level 4. HP: 38/41 MP: 8/8
  1069 | D:4      | Noticed a scorpion
  1089 | D:4      | Killed a scorpion
  1090 | D:4      | Reached XP level 5. HP: 4/47 MP: 9/9
  1092 | D:4      | HP: 2/47 [poisoned by a scorpion]
  1093 | D:4      | Slain by an adder

Illustrated notes

Levels and vault maps discovered:
D:1:      elethiomel_arrival_infinity_welcomes_careful_drivers,
          layout_loops_ring
D:2:      layout_loops_ring, serial_shops, shop, minmay_vboxes
D:4:      layout_rooms, nicolae_ru_the_path_less_chosen,
          cheibrodos_sewer_entry_drain, nicolae_concentric_dashed_squares_mild,
          nicolae_titane

Skill      XL: |  1  2  3 |
---------------+----------+-----
Short Blades   | 1 |  1.6
Long Blades    | 1 |  1.6
Maces & Flails | 1 |  1.6
Polearms       | 1 |  1.6
Staves         | 1 |  1.6
Ranged Weapons | 1 |  1.6
Throwing       | 1 |  1.6
Armour         | 1 |  1.6
Dodging        | 1 |  1.6
Stealth        | 1 |  1.6
Shields        | 1 |  1.6
Unarmed Combat | 1 |  1.6
Spellcasting   | 3 |  3.2
Conjurations   | 1 |  1.2
Hexes          | 1 |  1.2
Summonings     | 1 |  1.2
Necromancy     | 1 |  1.2
Translocations | 1 |  1.2
Ice Magic      | 1 |  1.2
Air Magic      | 1 |  1.2
Earth Magic    | 1 |  1.2
Alchemy        | 1 |  1.2
Invocations    | 1 |  1.8
Evocations     | 1 |  1.6
Shapeshifting  | 1 |  1.4
Fighting       | |  6.7
Axes           | |  6.7
Fire Magic     | |  5.5

Action                     |  1- 3 |  4- 6 || total
---------------------------+-------+-------++-------
  Melee: Hand axe          |    61 |    23 ||    84
         Bite              |     3 |     3 ||     6
         Punch             |     1 |       ||     1
  Throw: Dart              |     3 |     1 ||     4
    Use: Scroll            |     3 |       ||     3
 Armour: Robe              |    40 |     9 ||    49
  Dodge: Dodged            |    22 |    14 ||    36
